 Dungeon Crawl Stone Soup version 0.28.0-45-g0d030f2227 (webtiles) character file.

Game seed: 7670579851756998838

251 Ablot the Cutter (level 6, -5/53 HPs)
             Began as a Gnoll Chaos Knight on Apr 19, 2022.
             Was a Plaything of Xom.
             Killed by nerve-wracking pain
             ... invoked by Grinder
              (9 damage)
             ... on level 3 of the Dungeon.
             The game lasted 00:03:04 (2365 turns).

Ablot the Cutter (Gnoll Chaos Knight)               Turns: 2365, Time: 00:03:04

Health: -5/53      AC:  5    Str: 13 (14) XL:     6   Next: 13%
Magic:  8/8        EV: 27    Int: 10 (11) God:    Xom [....*.]
Gold:   86         SH:  0    Dex: 11      Spells: 8/8 levels left

rFire   . . .      SeeInvis .   a - +0 short sword (chaos)
rCold   . . .      Faith    .   (no shield)
rNeg    . . .      Spirit   .   b - +2 leather armour
rPois   .          Reflect  .   (no helmet)
rElec   .          Harm     .   (no cloak)
rCorr   .          Rampage  .   (no gloves)
Will    .....                   (no boots)
Stlth   +.........              g - amulet of the acrobat
HPRegen 0.17/turn               (no ring)
MPRegen 0.11/turn               (no ring)

@: acrobatic
A: fangs 1, strong nose, distributed training
a: Renounce Religion


You were on level 3 of the Dungeon.
You worshipped Xom.
You were a beloved toy of Xom.
You visited 1 branch of the dungeon, and saw 3 of its levels.

You collected 86 gold pieces.

Inventory:

Hand Weapons
 a - a +0 short sword of chaos (weapon)
Missiles
 c - 59 stones (quivered)
 d - 35 sling bullets
 h - 6 datura-tipped darts
 n - 3 boomerangs
 p - 38 arrows
 r - 2 poisoned darts
Armour
 b - a +2 leather armour (worn)
Magical Staves
 f - a staff of conjuration
Jewellery
 g - an amulet of the acrobat (around neck)
Scrolls
 e - 3 scrolls of identify {unknown}
 i - a scroll of vulnerability {unknown}
 j - 3 scrolls of teleportation {unknown}
 l - a scroll of enchant armour {unknown}
 m - a scroll of fog {unknown}
Potions
 k - 2 potions of berserk rage {unknown}
 o - a potion of curing {unknown}
 q - a potion of mutation {unknown}


   Skills:
 + Level 6.8 Fighting
 + Level 6.8 Short Blades
 + Level 1.8 Long Blades
 + Level 1.8 Axes
 + Level 1.8 Maces & Flails
 + Level 1.8 Polearms
 + Level 1.8 Staves
 + Level 1.8 Slings
 + Level 1.8 Bows
 + Level 1.8 Crossbows
 + Level 1.8 Throwing
 + Level 4.9 Armour
 + Level 3.1 Dodging
 + Level 1.8 Stealth
 + Level 1.8 Shields
 + Level 1.8 Unarmed Combat
 + Level 1.8 Spellcasting
 + Level 1.4 Conjurations
 + Level 1.4 Hexes
 + Level 1.4 Summonings
 + Level 1.4 Necromancy
 + Level 1.4 Translocations
 + Level 1.4 Transmutations
 + Level 1.4 Fire Magic
 + Level 1.4 Ice Magic
 + Level 1.4 Air Magic
 + Level 1.4 Earth Magic
 + Level 1.4 Poison Magic
 + Level 2.0 Invocations
 + Level 1.8 Evocations


You had 8 spell levels left.
You didn't know any spells.
Your spell library contained the following spells:

 Spells                   Type           Power      Damage    Failure   Level
 Sandblast                Erth           6%         2d5       22%         1
 Passwall                 Tmut/Erth      2%         N/A       32%         2
 Stone Arrow              Conj/Erth      6%         3d7       54%         3
 Tukima's Dance           Hex            3%         N/A       54%         3
 Passage of Golubria      Tloc           3%         N/A       91%         4
 Yara's Violent Unravell  Hex/Tmut       1%         3d3       99%         5


Dungeon Overview and Level Annotations

Branches:
Dungeon (3/15)

Altars:

Annotations:
D:3 Grinder


Innate Abilities, Weirdness & Mutations

You have very sharp teeth.
Your uncanny sense of smell can sniff out nearby items.
Your experience applies equally to all skills.


Message History

"You have grown too confident for your meagre worth."
You feel dopey.
You start resting.
You hear Xom's maniacal laughter.
You feel weakened.
Unknown command.
You start resting. "See what I see, my child!"
You detect nothing.
Unknown command.
You start resting.
HP restored.
Unknown command.
You climb downwards.
Level annotation: Grinder
There is a stone staircase leading up here.
Grinder hits you.
You writhe in agony.
You completely miss Grinder. Grinder hits you.
You writhe in agony.
You hit Grinder but do no damage.
Grinder seems to speed up.
Grinder barely misses you.
You hit Grinder but do no damage.
Space warps horribly around Grinder!
Grinder is moderately wounded.
Grinder hits you.
You writhe in agony.
You hit Grinder but do no damage.
Grinder flickers and vanishes!
Deactivating autopickup; reactivate with Ctrl-A.
You suddenly lose the ability to move!
Something hits you! Something hits you.
You writhe in agony.
* * * LOW HITPOINT WARNING * * *
Something hits you!
* * * LOW HITPOINT WARNING * * *
You writhe in agony.
* * * LOW HITPOINT WARNING * * *
You shrug off the repeated paralysis!
You can move again.
Unknown command.
Unknown command.
Unknown command.
Unknown command.
Pain shoots through your body!
You die...

#.#.#.#.#.#.#.#.#.#..#
[#.#.#.#.#.#.#.#.#.#.# .#.#
#.#.#.#.#.#.#.#.#.#..#####.#.
.#.#.#.#.#.#.#.#.#.#.#......
#.#.#.#.#.#.#.#.#.#........
.#.#.#.#.#.#.#.#.#.#....#.##
#.#.#.#.#.#.#.#.#.#.......).
.#.#.#.#.#.#.#.#.#.#.###.#####
#.#.#.#.#.#.#.#.@.#..........#
.#.#.#.#.#.#.#.#.#.#####.#.#.#
#.#.#.#.#.#.#.#.#.#.# #.#.#.#
.#.#.#.#.#.#.#.#.#.#.. #.#.#.#
#.#.#.#.#.#{#.#.#.#.#.##.#.#.#
.#.#.#.#.#.#.#.#.#.##.##.#.#.#
#.#.#.#.#.#.#.#.#.#.. ##.#.#.#
.#.#.#.<.#.#.#.#.#.### #.#.#.#
#.#.#.#.#.#.#.#.#.#.# #.#.#.#


There were no monsters in sight!

Vanquished Creatures
  A hog (shapeshifter) (D:3)
  Terence (D:3)
  2 adders
  A river rat (D:2)
  A worm (D:2)
  4 dart slugs
  3 orcs (D:3)
  5 endoplasms
  2 giant cockroaches (D:3)
  5 goblins
  2 hobgoblins (D:1)
  3 jackals (D:1)
  6 kobolds
  4 quokkas
  2 ball pythons (D:2)
  5 bats
  7 frilled lizards
  4 rats
58 creatures vanquished.

Vanquished Creatures (others)
  A bat (D:2)
1 creature vanquished.

Grand Total: 59 creatures vanquished

Notes
Turn   | Place    | Note
-------+----------+-------------------------------------------
     0 | D:1      | Ablot the Gnoll Chaos Knight began the quest for the Orb.
     0 | D:1      | Reached XP level 1. HP: 23/23 MP: 1/1
   273 | D:1      | XOM: potion effect (curing)
   293 | D:1      | Reached XP level 2. HP: 29/29 MP: 2/2
   430 | D:1      | Found a faded altar of an unknown god.
   614 | D:1      | Reached XP level 3. HP: 35/35 MP: 3/3
   786 | D:2      | Reached skill level 1 in Invocations
   922 | D:2      | Reached skill level 1 in Long Blades
   922 | D:2      | Reached skill level 1 in Axes
   922 | D:2      | Reached skill level 1 in Maces & Flails
   922 | D:2      | Reached skill level 1 in Polearms
   922 | D:2      | Reached skill level 1 in Staves
   922 | D:2      | Reached skill level 1 in Slings
   922 | D:2      | Reached skill level 1 in Bows
   922 | D:2      | Reached skill level 1 in Crossbows
   922 | D:2      | Reached skill level 1 in Throwing
   922 | D:2      | Reached skill level 1 in Stealth
   922 | D:2      | Reached skill level 1 in Shields
   922 | D:2      | Reached skill level 1 in Unarmed Combat
   922 | D:2      | Reached skill level 1 in Spellcasting
   922 | D:2      | Reached skill level 1 in Evocations
   931 | D:2      | XOM: polymorph dart slug -> river rat
   945 | D:2      | Reached XP level 4. HP: 26/41 MP: 5/5
  1433 | D:3      | XOM: 3-stop teleportation journey
  1452 | D:3      | XOM: confusion (+ monsters)
  1466 | D:3      | Noticed a shapeshifter
  1466 | D:3      | an orc wizard changed into a shapeshifter
  1466 | D:3      | Noticed a hog
  1466 | D:3      | a shapeshifter changed into a hog
  1469 | D:3      | XOM: smoke on damage
  1476 | D:3      | Killed a hog
  1477 | D:3      | Reached skill level 1 in Conjurations
  1477 | D:3      | Reached skill level 1 in Hexes
  1477 | D:3      | Reached skill level 1 in Summonings
  1477 | D:3      | Reached skill level 1 in Necromancy
  1477 | D:3      | Reached skill level 1 in Translocations
  1477 | D:3      | Reached skill level 1 in Transmutations
  1477 | D:3      | Reached skill level 1 in Fire Magic
  1477 | D:3      | Reached skill level 1 in Ice Magic
  1477 | D:3      | Reached skill level 1 in Air Magic
  1477 | D:3      | Reached skill level 1 in Earth Magic
  1477 | D:3      | Reached skill level 1 in Poison Magic
  1477 | D:3      | Reached XP level 5. HP: 16/47 MP: 5/7
  1489 | D:3      | XOM: summons 3 hostile demons
  1565 | D:2      | XOM: scenery: summon butterflies
  1659 | D:2      | XOM: cloud trail
  1662 | D:2      | XOM: god gift: battleaxe {god gift}
  1690 | D:2      | XOM: god gift: scroll labelled URION ONAKKU {god gift}
  1855 | D:3      | Noticed Terence
  1865 | D:3      | Killed Terence
  1866 | D:3      | Reached XP level 6. HP: 44/53 MP: 8/8
  2020 | D:3      | Noticed Grinder
  2041 | D:3      | Paralysed by something for 2 turns
  2044 | D:3      | HP: 2/53 [something (2)]
  2054 | D:3      | HP: 2/53 [something (1)]
  2075 | D:3      | XOM: cleaving
  2076 | D:3      | XOM: summons 6 friendly demons
  2113 | D:2      | XOM: scenery: summon butterflies
  2166 | D:2      | XOM: stat loss: -1 Int (10/11)
  2202 | D:2      | XOM: stat loss: -1 Str (13/14)
  2316 | D:2      | XOM: divination: detect creatures
  2360 | D:3      | Paralysed by something for 4 turns
  2365 | D:3      | Killed from afar by Grinder

Illustrated notes

Levels and vault maps discovered:
D:1:      dpeg_arrival_stone_temple_mockup, layout_basic,
          shapermc_ecumenical_altar_venn
D:2:      layout_rooms
D:3:      layout_basic, serial_shops,
          nicolae_shop_temple_entry_statues_fountains, uniq_terence,
          uniq_grinder

Skill      XL: |  1  2  3  4  5 |
---------------+----------------+-----
Invocations    | 1 2 |  2.0
Long Blades    | 1 |  1.8
Axes           | 1 |  1.8
Maces & Flails | 1 |  1.8
Polearms       | 1 |  1.8
Staves         | 1 |  1.8
Slings         | 1 |  1.8
Bows           | 1 |  1.8
Crossbows      | 1 |  1.8
Throwing       | 1 |  1.8
Stealth        | 1 |  1.8
Shields        | 1 |  1.8
Unarmed Combat | 1 |  1.8
Spellcasting   | 1 |  1.8
Evocations     | 1 |  1.8
Dodging        | 3 |  3.1
Conjurations   | 1 |  1.4
Hexes          | 1 |  1.4
Summonings     | 1 |  1.4
Necromancy     | 1 |  1.4
Translocations | 1 |  1.4
Transmutations | 1 |  1.4
Fire Magic     | 1 |  1.4
Ice Magic      | 1 |  1.4
Air Magic      | 1 |  1.4
Earth Magic    | 1 |  1.4
Poison Magic   | 1 |  1.4
Fighting       | |  6.8
Short Blades   | |  6.8
Armour         | |  4.9

Action                   |  1- 3 |  4- 6 || total
-------------------------+-------+-------++-------
Melee: Short sword       |   120 |    88 ||   208
       Bite              |    12 |    10 ||    22
       Punch             |     1 |       ||     1
 Stab: Sleeping          |     1 |     1 ||     2
       Confused          |       |     1 ||     1
Armor: Leather armour    |    29 |    20 ||    49
Dodge: Dodged            |    90 |    51 ||   141
